Map: Rainfall LE

Players

LetaleX

  • Race: Protoss Protoss
  • League: Grandmaster
  • Spawn Location: 5:00

Fjant - Winner!

  • Race: Zerg Zerg
  • League: Grandmaster
  • Spawn Location: 11:00

Event: HomeStory Cup XXIX

VOD

Have the link to the VOD?

Description

Time

  • Played on: July 4, 2026, 12:33 p.m.
  • Length: 9:26

All games in this series

Show
View Real Time Build Order
Export as new Build Order

LetaleX Protoss 

Build Orders: Oracle Opening 

Get SALT Encoding   

  8  0:00  Probe (Chrono Boost)  
  9  0:12  Probe (Chrono Boost)  
  10  0:19  Probe (Chrono Boost)  
  11  0:26  Probe  
  12  0:34  Pylon  
  12  0:38  Probe  
  13  0:52  Probe  
  14  0:57  Gateway  
  14  1:04  Probe  
  15  1:13  Assimilator  
  15  1:17  Probe (Chrono Boost)  
  16  1:28  Probe (Chrono Boost)  
  17  1:33  Probe (Chrono Boost)  
  18  1:49  Nexus  
  18  2:00  Cybernetics Core  
  18  2:04  Probe  
  19  2:08  Assimilator  
  19  2:16  Probe  
  19  2:19  Pylon  
  20  2:28  Probe  
  21  2:34  Adept (Chrono Boost)  
  21  2:40  Probe  
  24  2:49  Stargate  
  24  2:52  Probe  
  24  2:56  Adept (Chrono Boost)  
  25  3:01  Probe  
  25  3:04  Probe  
  29  3:05  Warp Gate  
  29  3:13  Probe  
  29  3:16  Probe  
  31  3:25  Stalker, Probe  
  34  3:28  Probe  
  35  3:37  Oracle (Chrono Boost)  
  35  3:38  Probe  
  35  3:40  Probe  
  40  3:44  Pylon  
  40  3:50  Probe  
  40  3:52  Probe  
  42  4:02  Probe  
  43  4:06  Probe  
  43  4:08  Oracle (Chrono Boost)  
  43  4:17  Nexus  
  43  4:19  Probe  
  43  4:20  Probe  
  45  4:24  Pylon  
  45  4:31  Probe, Twilight Council  
  46  4:33  Probe  
  47  4:39  Assimilator  
  47  4:40  Assimilator  
  47  4:43  Probe  
  48  4:46  Probe  
  48  4:50  Gateway  
  49  4:55  Probe  
  50  5:00  Probe  
  50  5:03  Blink (Chrono Boost)  
  51  5:07  Probe  
  51  5:12  Probe  
  53  5:15  Stalker  
  53  5:17  Gateway  
  53  5:19  Probe  
  53  5:21  Gateway  
  56  5:26  Gateway  
  56  5:28  Gateway, Probe  
  56  5:33  Probe  
  56  5:34  Pylon  
  58  5:37  Stalker  
  58  5:41  Stalker  
  62  5:47  Pylon, Probe  
  63  5:52  Probe  
  63  5:55  Pylon, Stalker  
  66  5:57  Probe  
  65  6:06  Probe  
  66  6:22  Pylon  
  66  6:25  Stalker x6  
  77  6:35  Probe  
  77  6:37  Pylon  
  77  6:39  Pylon  
  78  6:40  Shield Battery  
  78  6:50  Pylon  
  78  6:53  Stalker x4  
  84  7:02  Stalker x2  
  86  7:10  Probe  
  85  7:19  Stalker x4  
  85  7:29  Stalker x2  
  84  7:30  Probe  
  83  7:41  Stalker x3  
  83  7:43  Stalker  
  91  7:46  Probe  
  92  7:56  Stalker x2  
  94  8:03  Stalker x3  
  94  8:11  Stalker  
  92  8:19  Stalker x2  
  88  8:24  Probe  
  85  8:27  Stalker x3  
  91  8:34  Stalker  
  91  8:35  Pylon  
  91  8:42  Stalker x2  
  86  8:49  Stalker  
  86  8:50  Stalker x2  
  82  9:01  Stalker  
Show
View Real Time Build Order
Export as new Build Order

Fjant Zerg - Winner!

Build Orders: Hatch First 

Get SALT Encoding   

  8  0:00  Drone  
  9  0:10  Drone  
  10  0:16  Drone  
  11  0:22  Drone  
  12  0:33  Overlord  
  12  0:40  Extractor, Drone  
  13  0:51  Drone  
  13  0:52  Drone  
  15  1:04  Drone  
  15  1:11  Drone  
  17  1:19  Hatchery  
  17  1:22  Drone  
  17  1:31  Drone  
  18  1:36  Extractor  
  17  1:44  Spawning Pool, Drone  
  17  1:50  Drone  
  18  2:01  Drone  
  19  2:09  Overlord  
  19  2:27  Drone  
  20  2:31  Queen x2, Zergling x2  
  20  2:33  Zergling x2  
  26  2:38  Metabolic Boost  
  26  2:42  Drone  
  27  2:44  Drone  
  28  2:51  Drone x2  
  30  3:00  Overlord  
  30  3:01  Drone  
  31  3:12  Queen, Extractor  
  33  3:25  Hatchery, Zergling x2  
  33  3:27  Zergling x2  
  33  3:31  Drone x2  
  36  3:35  Overlord  
  36  3:42  Zergling x2  
  36  3:43  Drone x2  
  35  4:03  Drone x7  
  35  4:09  Spore Crawler  
  40  4:13  Overlord  
  40  4:26  Overlord  
  40  4:31  Overlord  
  40  4:32  Drone x5  
  40  4:36  Queen  
  40  4:37  Overlord  
  47  4:44  Zergling x4  
  49  4:46  Zergling x6  
  49  4:48  Zergling x2  
  49  4:49  Drone  
  49  4:52  Drone  
  54  4:55  Drone x2  
  54  4:57  Drone  
  57  5:00  Spore Crawler  
  57  5:06  Drone  
  57  5:07  Drone x3  
  59  5:11  Lair  
  59  5:15  Overlord  
  59  5:17  Drone x2  
  59  5:19  Drone x2  
  63  5:22  Drone  
  63  5:25  Drone x2  
  63  5:26  Drone  
  66  5:30  Overlord  
  66  5:33  Extractor, Drone x2  
  66  5:35  Extractor  
  66  5:38  Spore Crawler, Drone  
  66  5:39  Drone x2  
  68  5:47  Baneling Nest  
  68  5:49  Drone  
  68  5:51  Zergling x2  
  68  5:52  Zergling x6  
  68  5:54  Extractor  
  71  5:57  Zergling x6  
  71  6:02  Zergling x6  
  76  6:11  Hydralisk Den  
  75  6:12  Zergling x12  
  75  6:15  Hatchery  
  75  6:17  Overlord x2  
  80  6:19  Overlord  
  78  6:26  Drone  
  79  6:35  Drone  
  79  6:36  Drone  
  81  6:40  Hydralisk x4  
  81  6:41  Hydralisk x2  
  81  6:44  Zergling x10  
  98  6:47  Zergling x2  
  98  6:50  Zergling x2  
  98  6:52  Grooved Spines  
  101  6:54  Zergling x2  
  101  6:58  Zergling x2  
  100  7:05  Zergling x10  
  101  7:09  Hydralisk x3  
  101  7:10  Zergling x2  
  101  7:11  Zergling x2  
  104  7:17  Zergling x2  
  104  7:20  Zergling x4  
  100  7:24  Hydralisk  
  100  7:26  Queen  
  100  7:27  Hydralisk  
  100  7:29  Hydralisk  
  101  7:31  Hydralisk  
  101  7:36  Hydralisk  
  94  7:37  Queen x2  
  94  7:39  Zergling x10  
  103  7:45  Hydralisk  
  103  7:46  Zergling x2  
  105  7:52  Zergling x6  
  105  7:54  Hydralisk  
  105  7:57  Hydralisk  
  103  8:02  Zergling x10  
  99  8:06  Hydralisk  
  99  8:08  Zergling x8, Queen  
  103  8:13  Zergling x2  
  103  8:15  Hydralisk x2  
  103  8:18  Zergling x2  
  104  8:22  Hydralisk  
  104  8:25  Queen  
  105  8:27  Hydralisk  
  105  8:29  Zergling x2  
  105  8:30  Zergling x2  
  105  8:32  Hydralisk  
  109  8:34  Zergling x12  
  109  8:36  Zergling x4  
  113  8:43  Hydralisk  
  113  8:46  Hydralisk  
  109  8:48  Zergling x6  
  109  8:53  Hydralisk  
  105  8:56  Zergling x10  
  105  9:00  Zergling x8  
  109  9:03  Zergling x6  
Tags
 
Add a new tag
Caveats
  • Supply blocks, unpowered buildings, or Contaminate may cause inaccurate times.
  • Supply counts are checked every 10 seconds.